 Dungeon Crawl Stone Soup version 0.23-a0-169-gb21e69520c (console) character file.

67 Heliocid the Conjurer (level 4, -1/33 HPs)
             Began as a Draconian Conjurer on Sept 12, 2018.
             Slain by Ablot's ghost (4 damage)
             ... on level 3 of the Dungeon.
             The game lasted 00:16:54 (2326 turns).

Heliocid the Conjurer (Draconian Conjurer)          Turns: 2326, Time: 00:16:54

Health: -1/33      AC: 11    Str: 10    XL:     4   Next: 0%
Magic:  3/7        EV: 12    Int: 17    God:
Gold:   117        SH:  0    Dex: 11    Spells: 0/7 levels left

rFire    . . .     SeeInvis .   f - +1 dagger (venom)
rCold    . . .     Gourm    .   (no shield)
rNeg     . . .     Faith    .   (armour unavailable)
rPois    .         Spirit   .   (helmet restricted)
rElec    .         Reflect  .   (no cloak)
rCorr    .         Harm     .   (no gloves)
MR       .....                  (no boots)
Stlth    ++........             (no amulet)
HPRegen  0.11/turn              p - +6 ring of protection
MPRegen  0.10/turn              (no ring)

@: no status effects
A: unfitting armour, cold-blooded, AC +5
a: no special abilities


You were on level 3 of the Dungeon.
You were hungry.

You visited 1 branch of the dungeon, and saw 3 of its levels.

You collected 117 gold pieces.

Inventory:

Hand Weapons
 f - a +1 dagger of venom (weapon)
 g - a +0 falchion
 j - a cursed +0 mace
Missiles
 c - 95 stones (quivered)
 l - 16 sling bullets
Armour
 h - a cursed +0 helmet
Jewellery
 p - a +6 ring of protection (left hand)
Scrolls
 d - a scroll of remove curse
 m - a scroll of identify
 n - a scroll of immolation {unknown}
 o - a scroll of fog {unknown}
Potions
 e - a potion of flight
Comestibles
 b - a ration


   Skills:
 + Level 0.2 Fighting
 + Level 1.1 Short Blades
 + Level 2.1 Dodging
 + Level 2.2 Stealth
 + Level 0.9 Unarmed Combat
 + Level 2.1 Spellcasting
 + Level 4.6 Conjurations


You couldn't memorise any spells.
You knew the following spells:

 Your Spells              Type           Power        Failure   Level  Hunger
a - Magic Dart            Conj           ###.         2%          1    #......
b - Searing Ray           Conj           ###...       4%          2    ###....
c - Iskenderun's Mystic   Conj           ###.....     28%         4    #####..

Your spell library contained the following spells:

 Spells                   Type           Power        Failure   Level  Hunger
 Dazzling Spray           Conj/Hex       #.....       22%         3    ###....
 Force Lance              Conj/Tloc      #.......     58%         4    #####..
 Fulminant Prism          Conj/Hex       #.........   58%         4    #####..


Dungeon Overview and Level Annotations

Branches:
Dungeon (3/15)

Altars:

Annotations:
D:3 Ablot's ghost, amateur GnSk


Innate Abilities, Weirdness & Mutations

Your plain brown scales are hard. (AC +5)
You cannot fit into any form of body armour.
You are cold-blooded and may be slowed by cold attacks.


Message History

Ablot's ghost closely misses you.
You miss Ablot's ghost.
Ablot's ghost hits you but does no damage.
You closely miss Ablot's ghost. Ablot's ghost barely misses you.
Your magical contamination has completely faded away.
All of the chunks of flesh in your inventory have rotted away.
You closely miss Ablot's ghost.
Ablot's ghost hits you but does no damage.
You closely miss Ablot's ghost.
Ablot's ghost whispers, "Soon you will have time, lots of time..."
Ablot's ghost hits you.
* * * LOW HITPOINT WARNING * * *
You hit Ablot's ghost.
Ablot's ghost is lightly damaged.
Ablot's ghost hits you but does no damage.
You hit Ablot's ghost but do no damage. You tail-slap Ablot's ghost.
Ablot's ghost is lightly damaged.
Ablot's ghost wails, "I have seen your future, and it is all used up."
Ablot's ghost hits you.
You die...

..... ..........# ..
..... ...#####..# .##.#
## .... .. ######.#
.... #. ... .
#......###..### #.
#.......##..... #.
#.......#...# #.
#...........# #.
######......#....# #.
#.....@W....#...## #.
#...........#...######.
#...........#..........
#...........#...#####..
#...........#..>.......
#...........'.#########
#...........####...#...
##########'#####.#.#.##
###.........#.##


You could see Ablot's ghost.

Vanquished Creatures
  2 adders (D:2)
  A worm (D:3)
  A dart slug (D:2)
  2 leopard geckos (D:2)
  An orc (D:2)
  A giant cockroach (D:3)
  3 goblins (D:2)
  3 hobgoblins
  6 kobolds
  2 ball pythons
  11 bats
  4 frilled lizards
  9 rats
46 creatures vanquished.

Notes
Turn   | Place    | Note
-------+----------+-------------------------------------------
     0 | D:1      | Heliocid the Draconian Conjurer began the quest for the
                  | Orb.
     0 | D:1      | Reached XP level 1. HP: 14/14 MP: 3/3
   364 | D:1      | Reached XP level 2. HP: 20/20 MP: 5/5
   456 | D:1      | Learned a level 2 spell: Searing Ray
   754 | D:2      | Reached XP level 3. HP: 20/26 MP: 3/6
  1701 | D:3      | Found a runed door.
  1714 | D:3      | Noticed Ablot's ghost (amateur GnSk)
  1741 | D:3      | Reached skill level 1 in Short Blades
  2130 | D:3      | Reached XP level 4. HP: 32/33 MP: 7/7
  2153 | D:3      | Learned a level 4 spell: Iskenderun's Mystic Blast
  2326 | D:3      | Slain by Ablot's ghost

Vault maps used:
D:1:      dpeg_arrival_tiny_h, minivault_11, minmay_hedge_maze,
          item_on_display_a
D:2:      minmay_diamond_boxcup
D:3:      ebering_ghost_reflecting_pool

Skill      XL: |  1  2  3 |
---------------+----------+-----
Dodging        | 2 |  2.1
Stealth        | 2 |  2.2
Short Blades   | 1 |  1.1
Fighting       | |  0.2
Unarmed Combat | |  0.9
Spellcasting   | |  2.1
Conjurations   | |  4.6

Action                   |  1- 3 |  4- 6 || total
-------------------------+-------+-------++-------
Melee: Unarmed           |    22 |       ||    22
       Tailslap          |     6 |     5 ||    11
       Dagger            |    77 |    54 ||   131
       Punch             |       |     1 ||     1
 Cast: Magic Dart        |    24 |       ||    24
       Searing Ray       |     4 |     1 ||     5
       Iskenderun's Myst |       |     1 ||     1
  Use: Potion            |     3 |     1 ||     4
       Scroll            |     2 |     1 ||     3
 Stab: Sleeping          |     5 |       ||     5
  Eat: Chunk             |     5 |       ||     5
Armor: Skin              |    26 |    16 ||    42
Dodge: Dodged            |    66 |    29 ||    95

Table legend:
 A = Non-vault XP
 B = Vault XP
 C = Vault XP percentage of total XP
 D = Non-vault monster count
 E = Vault monster count
 F = Vault count percentage of total count
                 A         B        C        D         E       F
            +---------+---------+-------+---------+---------+-------
      Total |      70 |      27 |  27.8 |      38 |       8 |  17.4
            +---------+---------+-------+---------+---------+-------
        D:1 |      26 |       0 |   0.0 |      20 |       0 |   0.0
        D:2 |      30 |      27 |  47.4 |      10 |       8 |  44.4
        D:3 |      14 |       0 |   0.0 |       8 |       0 |   0.0
            +---------+---------+-------+---------+---------+-------
